 Dungeon Crawl Stone Soup version 0.30-a0-1093-gcfb1e0cf12 (webtiles) character file.

Game seed: 3035803155124759595

217 Gynju the Chiller (level 5, 0/38 HPs)
             Began as a Draconian Ice Elementalist on Apr 17, 2023.
             Slain by an endoplasm (1 damage)
             ... on level 4 of the Dungeon.
             The game lasted 00:09:01 (3377 turns).

Gynju the Chiller (Draconian Ice Elementalist)      Turns: 3377, Time: 00:09:02

Health: 0/38       AC:  5    Str: 10    XL:     5   Next: 61%
Magic:  12/19      EV: 12    Int: 17    God:
Gold:   148        SH:  0    Dex: 12    Spells: 6/10 levels left

rFire   + . .      SeeInvis .    f - staff of death
rCold   . . .      Faith    .    (no shield)
rNeg    + . .      Spirit   .    (body armour unavailable)
rPois   .          Reflect  .    (helmet restricted)
rElec   .          Rampage  .    (no cloak)
rCorr   .                        (no gloves)
Will    .....                    (no boots)
Stlth   ++                       b - amulet of the acrobat
HPRegen 0.26/turn                r - ring of protection from fire
MPRegen 0.16/turn                s - ring of magical power

@: brilliant, slowed, very slow
A: AC +5, unfitting armour, cold-blooded
a: no special abilities


You were on level 4 of the Dungeon.
You visited 1 branch of the dungeon, and saw 4 of its levels.

You collected 148 gold pieces.

Inventory:

Hand Weapons
 d - a +0 dagger
 i - a +0 dagger of venom
Magical Staves
 f - a staff of death (weapon)
 g - a staff of fire
Jewellery
 b - an amulet of the acrobat (around neck)
 p - a ring of fire
 r - a ring of protection from fire (left hand)
 s - a ring of magical power (right hand)
Scrolls
 e - 4 scrolls of identify {unknown}
 j - 3 scrolls of teleportation {unknown}
 k - a scroll of poison {unknown}
 l - a scroll of vulnerability {unknown}
 o - a scroll of fog {unknown}
 q - a scroll of enchant armour {unknown}
Potions
 h - 2 potions of brilliance
 n - a potion of attraction {unknown}


   Skills:
 - Level 2.9 Dodging
 - Level 3.0 Stealth
 + Level 3.4 Spellcasting
 - Level 5.0 Ice Magic


You had 6 spell levels left.
You knew the following spells:

 Your Spells              Type           Power      Damage    Failure   Level
a - Freeze                Ice            100%       1d10      2%          1
b - Frozen Ramparts       Ice            58%        1d9       6%          3

Your spell library contained the following spells:

 Spells                   Type           Power      Damage    Failure   Level
 Ozocubu's Armour         Ice            29%        N/A       6%          3
 Blink                    Tloc           8%         N/A       26%         2
 Lesser Beckoning         Tloc           8%         N/A       26%         2
 Momentum Strike          Conj/Tloc      8%         3d8       26%         2
 Summon Ice Beast         Ice/Summ       17%        N/A       52%         4
 Metabolic Englaciation   Hex/Ice        8%         N/A       86%         5
 Simulacrum               Ice/Necr       12%        N/A       100%        6


Dungeon Overview and Level Annotations

Branches:
Dungeon (4/15)
 Temple: D:4-7

Altars:

Shops:
D:2 =

Annotations:
D:4 exclusion: jelly


Innate Abilities, Weirdness & Mutations

Your plain brown scales are hard. (AC +5)
You cannot fit into any form of body armour.
You are cold-blooded and may be slowed by cold attacks.


Message History

The phantom is heavily damaged.
The phantom hits you but does no damage.
The endoplasm misses you.
Aiming: Freeze (safe; 2% risk of failure)
Press: ? - help, Q - select action, (/) - cycle Shift-Dir - straight line, f/p - phantom
Aim: a phantom (heavily damaged)
You feel a surge of power!
You freeze the phantom but do no damage.
The phantom completely resists.
The phantom hits you.
* * * LOW HITPOINT WARNING * * *
The phantom blinks!
You blink.
The phantom completely misses you.
Aiming: Freeze (safe; 2% risk of failure)
Press: ? - help, Q - select action, (/) - cycle Shift-Dir - straight line, f/p - phantom
Aim: a phantom (heavily damaged)
You feel a surge of power!
You freeze the phantom.
The phantom resists.
The phantom is heavily damaged.
You feel yourself speed up. The phantom closely misses you.
The endoplasm hits you.
* * * LOW HITPOINT WARNING * * *
Aiming: Freeze (safe; 2% risk of failure)
Press: ? - help, Q - select action, (/) - cycle Shift-Dir - straight line, f/p - phantom
Aim: a phantom (heavily damaged)
You feel a surge of power!
You freeze the phantom but do no damage.
The phantom completely resists.
The phantom misses you. The endoplasm freezes you.
You are frozen.
* * * LOW HITPOINT WARNING * * *
You feel yourself slow down.
Unknown command.
Aiming: Freeze (safe; 2% risk of failure)
Press: ? - help, Q - select action, (/) - cycle Shift-Dir - straight line, f/p - phantom
Aim: a phantom (heavily damaged)
You feel a surge of power!
You freeze the phantom.
The phantom resists.
The phantom is heavily damaged.
The phantom hits you but does no damage.
The endoplasm closely misses you. The endoplasm hits you.
You die...

#.# #.###.# #.# #....#
.# .# ..###### #.##
.####.. ....##.#
##.#####....... ......##
#.)........... .....##
##............. ......#
#..#.........#
......####.##..W..(..##
.......##..##..J@....#
..........###.........#
...........##......#....
#......###.....#..##.##.
##...... ##....#..# #
#..##.. .......### #..
#.##..#....# #..
..#..##...## . ..#..
#...+


You could see a phantom and an endoplasm.

Vanquished Creatures
  Jessica (D:2)
  8 gnolls
  2 adders
  A worm (D:4)
  2 dart slugs
  5 orcs (D:3)
  5 ball pythons
  4 endoplasms
  12 giant cockroaches
  9 goblins
  7 hobgoblins
  2 jackals (D:4)
  2 kobolds (D:2)
  4 quokkas
  7 bats
  2 frilled lizards
  4 rats
77 creatures vanquished.

Notes
Turn   | Place    | Note
-------+----------+-------------------------------------------
     0 | D:1      | Gynju the Draconian Ice Elementalist began the quest for
                  | the Orb.
     0 | D:1      | Reached XP level 1. HP: 14/14 MP: 3/3
   269 | D:1      | Reached XP level 2. HP: 20/20 MP: 3/5
   331 | D:1      | Found a faded altar of an unknown god.
  1071 | D:2      | Reached XP level 3. HP: 22/26 MP: 2/6
  1168 | D:2      | Noticed Jessica
  1174 | D:2      | Killed Jessica
  1216 | D:2      | Learned a level 3 spell: Frozen Ramparts
  1381 | D:2      | Reached XP level 4. HP: 27/33 MP: 4/7
  1435 | D:2      | Found Cetiav's Jewellery Shop.
  2621 | D:3      | Reached XP level 5. HP: 33/38 MP: 3/9
  3224 | D:4      | Reached skill level 5 in Ice Magic
  3335 | D:4      | Noticed a phantom
  3376 | D:4      | HP: 1/38 [frozen (5)]
  3377 | D:4      | Slain by an endoplasm

Illustrated notes

Levels and vault maps discovered:
D:1:      eino_arrival_cavern_e, layout_loops_ring,
          ebering_ecumenical_altar_rust
D:2:      minmay_roachtagon, layout_basic, serial_shops, shop, st_stairs_6,
          uniq_jessica
D:3:      layout_loops_ring, kennysheep_generic_room_9
D:4:      nicolae_cairo_tiling_very_big, layout_layer_cave, fiery_altar_vehumet,
          minmay_overflow_temple_star_quad, hangedman_decor_growths

Skill      XL: |  1  2  3  4  5 |
---------------+----------------+-----
Stealth        | 2 3 |  3.0
Dodging        | 2 |  2.9
Spellcasting   | 3 |  3.4
Ice Magic      | 5 |  5.0

Action                     |  1- 3 |  4- 6 || total
---------------------------+-------+-------++-------
  Melee: Unarmed           |    12 |       ||    12
         Tailslap          |     2 |    16 ||    18
         Staff             |     1 |   113 ||   114
         Punch             |       |     2 ||     2
   Cast: Freeze            |    49 |    21 ||    70
         Frozen Ramparts   |       |    16 ||    16
    Use: Potion            |       |     4 ||     4
   Stab: Sleeping          |       |     3 ||     3
 Armour: Skin              |    15 |    62 ||    77
  Dodge: Dodged            |    33 |   144 ||   177

Table legend: (Time is in decaauts)
 A = Elapsed time spent in this place.
 B = Non-inter-level travel time spent in this place.
 C = Inter-level travel time spent in this place.
 D = Time resting spent in this place.
 E = Time spent auto-exploring this place.
 F = Levels seen in this place.
 G = Mean time per level.
                   A        B        C        D        E       F      G
               +--------+--------+--------+--------+--------+-----+--------+
         Total |   3401 |   3259 |    142 |      0 |   2716 |   4 |  850.2 |
       Dungeon |   3401 |   3259 |    142 |      0 |   2716 |   4 |  850.2 |
               +--------+--------+--------+--------+--------+-----+--------+

Top non-repeatable levels by time:
     D:2: 1031 daAuts
     D:1: 995 daAuts
     D:3: 805 daAuts
     D:4: 568 daAuts
